cohdb
Replays
Latest Replays
All Replays
Popular Replays
Top Player Replays
Match Explorer
How It Works
Community
CoH3 Stats
Reddit
Sign in to upload your games and track your stats! →
Sign in with Steam
Campbells Konvoi
Match 17147314
Overview
Messages
Build Orders
End
Pioneer Squad
Construct Infanterie Kompanie
Selects Breakthrough Battlegroup
Selects Assault Grenadiers
MG 42 Machine Gun Team
Grenadier Squad
MG 42 Machine Gun Team
Grenadier Squad
Grenadier Squad
Infanterie Officer Quarters
Construct Panzergrenadier Kompanie
Medical Station
Pak 40 Anti-tank Gun Team
Selects Smoke Bombing Run
Selects Incendiary Bombing Run
Incendiary Bombing Run
Construct Panzer Kompanie
Panzer IV Medium Tank
Incendiary Bombing Run
AirborneDivision
Balboa
Zocker2008
四眼连环杀手
0
0
Comments
sign in to comment!
No comments posted yet!